Map: Backwater LE

Players

Lambo

  • Race: Zerg Zerg
  • Spawn Location: 5:00

Serral - Winner!

  • Race: Zerg Zerg
  • Spawn Location: 11:00

Event: WESG 2017 Haikou

VOD

Have the link to the VOD?

Description

Time

  • Played on: March 15, 2018, 11:14 p.m.
  • Length: 4:07

All games in this series

Show
View Real Time Build Order
Export as new Build Order

Lambo Zerg 

Build Orders: Hatch First 

Get SALT Encoding   

  12  0:00  Drone  
  13  0:12  Overlord  
  13  0:18  Drone  
  14  0:30  Drone  
  14  0:31  Drone  
  16  0:48  Hatchery  
  15  0:50  Drone  
  15  0:54  Drone  
  17  1:08  Spawning Pool  
  16  1:11  Drone  
  16  1:15  Drone  
  18  1:36  Hatchery  
  18  1:39  Drone  
  18  1:40  Drone  
  18  1:43  Drone  
  20  1:55  Queen  
  22  2:02  Zergling x6  
  22  2:04  Queen  
  27  2:24  Zergling x4  
  27  2:31  Spine Crawler x2, Zergling x4  
  27  2:36  Zergling x2  
  28  2:43  Overlord  
  27  2:58  Zergling x2  
  27  3:02  Zergling x2  
  27  3:03  Zergling x4  
  21  3:07  Zergling x4  
  17  3:21  Drone x2  
  17  3:26  Drone  
  19  3:34  Drone  
  19  3:40  Drone x2  
Show
View Real Time Build Order
Export as new Build Order

Serral Zerg - Winner!

Build Orders: 1 Base Baneling Bust, Pool Only, Zergling Baneling 

Get SALT Encoding   

  12  0:17  Spawning Pool  
  11  0:21  Drone  
  11  0:27  Drone  
  13  0:31  Drone  
  13  0:33  Extractor  
  13  0:43  Overlord  
  13  1:04  Zergling x4  
  15  1:05  Zergling x2  
  15  1:09  Queen  
  18  1:15  Zergling x2  
  19  1:26  Zergling x2  
  20  1:33  Metabolic Boost  
  20  1:37  Zergling x2  
  21  1:49  Zergling x2  
  21  1:53  Baneling Nest  
  21  1:58  Zergling x2  
  22  2:14  Overlord  
  21  2:32  Zergling x6  
  21  2:36  Baneling x3  
  24  2:37  Zergling x2  
  25  2:46  Baneling  
  25  2:49  Zergling x4  
  27  2:53  Zergling x2  
  27  3:01  Zergling x2  
  27  3:02  Zergling x2  
  28  3:11  Zergling x2  
  28  3:23  Zergling x4  
  28  3:24  Baneling x3  
  29  3:29  Baneling  
  29  3:32  Zergling x2  
  29  3:38  Zergling x2  
  29  3:40  Baneling  
Tags
 
Add a new tag
Caveats
  • Supply blocks, unpowered buildings, or Contaminate may cause inaccurate times.
  • Supply counts are checked every 10 seconds.